 Dungeon Crawl Stone Soup version 0.30-a0-1114-gd936c97349 (webtiles) character file.

Game seed: 14561761784311046531

67 NateTC the Poker (level 4, 0/37 HPs)
             Began as a Merfolk Fighter on Apr 20, 2023.
             Slain by an orc
             ... wielding a +0 flail
              (7 damage)
             ... on level 2 of the Dungeon.
             The game lasted 00:02:44 (1093 turns).

NateTC the Poker (Merfolk Fighter)                  Turns: 1093, Time: 00:02:45

Health: 0/37       AC: 10    Str: 18    XL:     4   Next: 18%
Magic:  4/4        EV:  7    Int:  7    God:
Gold:   94         SH:  5    Dex: 13    Spells: 3/3 levels left

rFire   + . .      SeeInvis .    a - +0 trident
rCold   . . .      Faith    .    c - +0 buckler
rNeg    . . .      Spirit   .    f - +0 chain mail
rPois   .          Reflect  .    (no helmet)
rElec   .          Rampage  .    (no cloak)
rCorr   .                        (no gloves)
Will    .....                    g - +0 pair of boots Stlth
                                 (no amulet)
HPRegen 0.26/turn                e - ring of protection from fire
MPRegen 0.09/turn                (no ring)

@: mighty
A: (nimble swimmer 2), mertail
a: no special abilities


You were on level 2 of the Dungeon.
You visited 1 branch of the dungeon, and saw 2 of its levels.

You collected 94 gold pieces.

Inventory:

Hand Weapons
 a - a +0 trident (weapon)
Armour
 c - a +0 buckler (worn)
 f - a +0 chain mail (worn)
 g - a +0 pair of boots (worn)
Jewellery
 e - a ring of protection from fire (left hand)
Potions
 i - a potion of curing {unknown}


   Skills:
 + Level 3.8 Fighting
 * Level 4.2 Polearms
 + Level 2.5 Armour
 + Level 3.4 Shields


You had 3 spell levels left.
You didn't know any spells.
Your spell library was empty.

Dungeon Overview and Level Annotations

Branches:
Dungeon (2/15) Zot: 10890

Altars:


Innate Abilities, Weirdness & Mutations

((You are very nimble when in or above water. (Stealth+, EV+, Speed+++)))
Your lower body shifts to a powerful aquatic tail in water.


Message History

You feel very mighty all of a sudden. The gnoll closely misses you.
You puncture the gnoll!
You kill the gnoll!
The orc yells repeatedly.
You have reached level 4!
You impale the orc!!
You kill the orc!
You hit the orc.
The orc is lightly wounded.
The orc closely misses you.
You impale the orc!!
You kill the orc!
You closely miss the orc. The gnoll closely misses you.
The orc closely misses you.
You barely miss the orc. The orc barely misses you.
The gnoll closely misses you.
Reach: a) +0 trident
Press: ? - help, Dir - move target, f - gnoll
Aim: a gnoll, wielding a +0 spear (about 37% to evade your +0 trident)
You reach to attack!
You closely miss the gnoll.
The gnoll hits you from afar with a +0 spear.
The orc hits you with a +0 flail. The orc closely misses you.
The gnoll hits you from afar with a +0 spear.
You barely miss the orc. The orc hits you with a +0 flail.
The gnoll hits you from afar with a +0 spear.
* * * LOW HITPOINT WARNING * * *
You completely miss the orc. The gnoll hits you but does no damage.
The orc hits you with a +0 flail.
* * * LOW HITPOINT WARNING * * *
The orc attacks as you move away! The orc barely misses you.
The orc attacks as you move away! The orc hits you with a +0 flail.
* * * LOW HITPOINT WARNING * * *
A ball python comes into view.
You puncture the ball python!
You kill the ball python!
You block the orc's attack.
You see here a ball python corpse.
The orc attacks as you move away! The orc hits you with a +0 flail!
You die...

........ggg.........+
.......#o####g...####
......g#.# #.#.##
.........####.###
.......####...#
....... #.#g# .......
#...#
#.##########o###
#...@...# #.###.#.#
#.#.# #.# # #.# #..
###


You could see a gnoll and an orc.

Vanquished Creatures
  A gnoll (D:2)
  An adder (D:2)
  A dart slug (D:1)
  2 orcs (D:2)
  3 ball pythons
  6 bats
  4 endoplasms (D:1)
  3 giant cockroaches
  6 goblins
  2 hobgoblins (D:1)
  3 jackals (D:1)
  2 kobolds (D:1)
  2 quokkas (D:1)
  A frilled lizard (D:1)
  3 rats (D:1)
40 creatures vanquished.

Notes
Turn   | Place    | Note
-------+----------+-------------------------------------------
     0 | D:1      | NateTC the Merfolk Fighter began the quest for the Orb.
     0 | D:1      | Reached XP level 1. HP: 18/18 MP: 1/1
   112 | D:1      | Reached skill level 3 in Polearms
   112 | D:1      | Reached XP level 2. HP: 24/24 MP: 2/2
   373 | D:1      | Reached XP level 3. HP: 29/29 MP: 3/3
  1029 | D:2      | Reached skill level 4 in Polearms
  1075 | D:2      | Reached XP level 4. HP: 19/37 MP: 4/4
  1093 | D:2      | Slain by an orc

Illustrated notes

Levels and vault maps discovered:
D:1:      tarquinn_simple_flora_water_c, layout_loops_cross,
          grunt_decor_arrowhead
D:2:      layout_loops_corners, basic_altar, kennysheep_big_empty_room

Skill      XL: |  1  2  3 |
---------------+----------+-----
Polearms       | 3 4 |  4.2
Fighting       | |  3.8
Armour         | |  2.5
Shields        | |  3.4

Action                     |  1- 3 |  4- 6 || total
---------------------------+-------+-------++-------
  Melee: Trident           |   121 |     9 ||   130
    Use: Scroll            |     3 |       ||     3
         Potion            |     1 |       ||     1
 Armour: Scale mail        |    37 |       ||    37
         Chain mail        |    26 |     1 ||    27
  Dodge: Dodged            |    53 |     7 ||    60
  Block: Buckler           |    25 |     1 ||    26

Table legend: (Time is in decaauts)
 A = Elapsed time spent in this place.
 B = Non-inter-level travel time spent in this place.
 C = Inter-level travel time spent in this place.
 D = Time resting spent in this place.
 E = Time spent auto-exploring this place.
 F = Levels seen in this place.
 G = Mean time per level.
                   A        B        C        D        E       F      G
               +--------+--------+--------+--------+--------+-----+--------+
         Total |   1109 |   1044 |     65 |      0 |    794 |   2 |  554.5 |
       Dungeon |   1109 |   1044 |     65 |      0 |    794 |   2 |  554.5 |
               +--------+--------+--------+--------+--------+-----+--------+

Top non-repeatable levels by time:
     D:1: 763 daAuts
     D:2: 346 daAuts
